Panthers vs Senators

Created - den 1 april 2015 at 19:37

Goals
1 2 3 T
Panthers 5 1 0 6
Senators 1 4 0 5
Shots
1 2 3 T
Panthers 7 7 7 21
Senators 7 13 6 26

1st period

1. Panthers , Jonathan Toews 33 (Vladimir Tarasenko) at 0:04
2. Panthers , Brad Boyes 18 (Cory Sarich, Paul Stastny) at 0:30
3. Panthers , James van Riemsdyk 25 (Jonathan Toews, Ryan Suter) at 11:57 (PP)
4. Panthers , Evander Kane 20 (Jared Cowen) at 13:24
5. Senators , Josh Gorges 8 (Mark Letestu, Andrew Cogliano) at 14:33
6. Panthers , Brad Boyes 19 (Evander Kane, Ryan Suter) at 15:53 (PP)

Penalties :
Mark Letestu (OTT) for Holding (Minor) at 11:29, David Perron (OTT) for Hooking (Minor) at 14:48

2nd period

7. Panthers , James van Riemsdyk 26 (Jonathan Toews, Vladimir Tarasenko) at 1:38
8. Senators , Derick Brassard 14 (Jussi Jokinen, David Perron) at 1:54
9. Senators , Sam Gagner 7 (Trevor Daley) at 3:25
10. Senators , David Perron 21 (Jussi Jokinen) at 9:34
11. Senators , Alex Goligoski 11 (Matt Read, Trevor Daley) at 11:06 (PP)

Penalties :
James van Riemsdyk (FLA) for Hooking (Minor) at 10:05, Alex Goligoski (OTT) for Holding (Minor) at 13:03

3rd period

No Goal

Penalties :
Jay Bouwmeester (OTT) for High sticking (Double Minor) at 12:30, Alexei Emelin (FLA) for Goalie Interference (Minor) at 19:32

Goalie Stats

Roberto Luongo (FLA), 21 saves from 26 shots - (0,808), W, 46-19-4, 60:00 minutes
Jonas Hiller (OTT), 0 saves from 4 shots - (0,000), 13:24 minutes
Darcy Kuemper (OTT), 15 saves from 17 shots - (0,882), L, 4-3-0, 45:53 minutes

Players Stats for Panthers

Player Name              G  A  P  +/- PIM S  H  SB GA TA FO     MP     PP MP  PK MP  
------------------------------------------------------------------------------------
Alexei Emelin            0  0  0   0  2   0  3  0  0  0  0/0    20:23   2:58   0:26 
Brad Boyes               2  0  2  -1  0   3  0  1  0  0  1/2    18:51   2:54   0:00 
Brett Sutter             0  0  0   0  0   0  3  0  0  0  3/6     7:45   0:00   0:16 
Brian Strait             0  0  0  -1  0   0  0  1  0  0  0/0    15:45   1:25   0:00 
Cory Sarich              0  1  1   0  0   1  1  2  0  0  0/0    20:19   2:58   0:53 
Evander Kane             1  1  2  -1  0   1  1  0  0  0  1/2    19:55   3:27   0:00 
James van Riemsdyk       2  0  2   1  2   7  1  0  0  0  0/4    20:27   4:04   0:00 
Jared Cowen              0  1  1   1  0   1  2  2  0  0  0/0    23:11   3:08   0:35 
Jason Garrison           0  0  0  -1  0   0  2  0  0  0  0/0    15:32   0:12   0:13 
Jim Slater               0  0  0   0  0   0  1  0  0  0  12/18  12:56   0:33   1:12 
Jimmy Hayes              0  0  0   0  0   1  2  0  0  0  1/2    11:56   0:45   0:00 
Jonathan Toews           1  2  3   1  0   1  3  0  0  0  10/19  20:28   4:04   0:00 
Kevin Porter             0  0  0   0  0   2  0  0  0  0  0/4    10:39   2:54   0:16 
Paul Bissonnette         0  0  0   0  0   0  0  0  0  0  0/0     7:29   0:00   0:00 
Paul Stastny             0  1  1  -1  0   1  0  0  0  0  9/14   15:57   0:00   0:00 
Ryan Suter               0  2  2   1  0   2  1  3  0  0  0/0    24:49   4:21   0:49 
Tomas Kopecky            0  0  0   0  0   0  0  0  0  0  0/1    12:35   0:12   1:12 
Vladimir Tarasenko       0  2  2   1  0   1  0  0  0  0  0/1    19:33   3:40   0:00 

Players Stats for Senators

Player Name              G  A  P  +/- PIM S  H  SB GA TA FO     MP     PP MP  PK MP  
------------------------------------------------------------------------------------
Alex Goligoski           1  0  1  -2  2   1  0  0  0  0  0/0    21:06   0:47   1:58 
Alex Tanguay             0  0  0   1  0   2  1  0  0  0  0/0    12:52   0:00   0:00 
Andrew Cogliano          0  1  1  -1  0   0  2  0  0  0  0/0    14:45   0:00   3:21 
Antoine Vermette         0  0  0  -1  0   3  1  0  0  0  9/20   16:46   0:00   2:32 
Brenden Dillon           0  0  0   2  0   0  1  1  0  0  0/0    17:29   0:00   1:28 
Carl Hagelin             0  0  0   1  0   2  1  0  0  0  1/1    13:55   0:00   1:03 
Daniel Girardi           0  0  0   0  0   1  0  2  0  0  0/0    20:22   0:41   3:03 
David Perron             1  1  2   1  2   1  2  0  0  0  1/2    13:54   0:47   0:06 
Derick Brassard          1  0  1   1  0   3  0  0  0  0  1/1    13:18   0:47   0:00 
Jaden Schwartz           0  0  0  -1  0   2  1  0  0  0  0/2    14:24   0:41   0:00 
Jarome Iginla            0  0  0  -1  0   3  1  0  0  0  1/2    15:28   0:41   0:33 
Jay Bouwmeester          0  0  0  -2  4   0  0  1  0  0  0/0    21:39   0:41   2:06 
Josh Gorges              1  0  1   2  0   1  0  2  0  0  0/0    19:26   0:00   3:25 
Jussi Jokinen            0  2  2   1  0   1  0  0  0  0  5/13   13:12   0:41   0:00 
Mark Letestu             0  1  1  -1  2   2  0  0  0  0  11/17  14:18   0:00   2:55 
Matt Read                0  1  1  -1  0   2  2  0  0  0  1/2    16:11   0:47   4:00 
Sam Gagner               1  0  1   1  0   2  2  0  0  0  6/13   14:27   0:00   1:35 
Trevor Daley             0  2  2   0  0   0  0  0  0  0  0/0    18:53   0:47   1:59 

3 Stars

1 - Jonathan Toews (FLA)
2 - James van Riemsdyk (FLA)
3 - Brad Boyes (FLA)

Power Play

Panthers - 2 on 5 Attempt(s) - 40,00%
Senators - 1 on 2 Attempt(s) - 50,00%

Penalty Kill

Panthers - 1 on 2 Attempt(s) - 50,00% - Score 0 goal in Penalty Kill
Senators - 3 on 5 Attempt(s) - 60,00% - Score 0 goal in Penalty Kill

Team Stat

Panthers - Hits : 20 - Faceoff Wins : 37 - Blocked Shots : 9 - Penalty Minutes : 4
Senators - Hits : 14 - Faceoff Wins : 36 - Blocked Shots : 6 - Penalty Minutes : 10

Official

Referees : Darcy Burchell and Tim Peel
Linesman : Joe Maynard and Brent Hooks

Game Notes

Darcy Kuemper enters game at 13:24 of 1st period

Finance

Level 1 -- Attendance: 6382 (93,40%) -- Ticket Income 459.504 kr
Level 2 -- Attendance: 5242 (92,06%) -- Ticket Income 241.132 kr
Level 3 -- Attendance: 2068 (90,78%) -- Ticket Income 59.972 kr
Level 4 -- Attendance: 4556 (100,00%) -- Ticket Income 45.560 kr
Luxury Box -- Attendance: 941 (82,62%) -- Ticket Income 136.445 kr
Game was played at the Scotiabank Place'
Total Attendance: 19189 (93,60%)
Total Ticket Income: 942.613 kr
Other Income: 461.880 kr
Total Income: 1.404.493 kr

Panthers

5 vs 5 Forward 
   Center                   Left Wing                Right Wing               Time % Phy DF OF 
 1 Jonathan Toews           James van Riemsdyk       Vladimir Tarasenko       40     1   2  2  
 2 Paul Stastny             Evander Kane             Brad Boyes               32     1   2  2  
 3 Jim Slater               Tomas Kopecky            Jimmy Hayes              22     1   2  2  
 4 Brett Sutter             Kevin Porter             Paul Bissonnette         6      1   2  2  

5 vs 5 Defense 
   Defense                  Defense                                           Time % Phy DF OF 
 1 Ryan Suter               Jared Cowen                                       40     1   2  2  
 2 Alexei Emelin            Cory Sarich                                       30     1   2  2  
 3 Brian Strait             Jason Garrison                                    20     1   2  2  
 4 Ryan Suter               Jared Cowen                                       10     1   2  2  

PowerPlay Forward 
   Center                   Left Wing                Right Wing               Time % Phy DF OF 
 1 Jonathan Toews           James van Riemsdyk       Vladimir Tarasenko       60     1   2  2  
 2 Kevin Porter             Evander Kane             Brad Boyes               40     1   2  2  

PowerPlay Defense
   Defense                  Defense                                           Time % Phy DF OF 
 1 Ryan Suter               Jared Cowen                                       60     1   2  2  
 2 Alexei Emelin            Cory Sarich                                       40     1   2  2  

Penalty Kill 4 Players Forward 
   Center                   Wing                     Time % Phy DF OF 
 1 Jim Slater               Tomas Kopecky            62     1   2  2  
 2 Brett Sutter             Kevin Porter             38     1   2  2  

Penalty Kill 4 Players Defense
   Defense                  Defense                  Time % Phy DF OF 
 1 Ryan Suter               Jared Cowen              60     1   2  2  
 2 Alexei Emelin            Cory Sarich              40     1   2  2  

Penalty Kill - 3 Players Forward 
   Forward                                           Time % Phy DF OF 
 1 Jonathan Toews                                    60     1   2  2  
 2 James van Riemsdyk                                40     1   2  2  

Penalty Kill - 3 Players Defense
   Defense                  Defense                  Time % Phy DF OF 
 1 Ryan Suter               Jared Cowen              60     1   2  2  
 2 Alexei Emelin            Cory Sarich              40     1   2  2  

4 vs 4 Forward 
   Center                   Wing                     Time % Phy DF OF 
 1 Jonathan Toews           James van Riemsdyk       60     1   2  2  
 2 Vladimir Tarasenko       Evander Kane             40     1   2  2  

4 vs 4 Defense
   Defense                  Defense                  Time % Phy DF OF 
 1 Brian Strait             Jared Cowen              60     1   2  2  
 2 Alexei Emelin            Cory Sarich              40     1   2  2  

Last Minutes Offensive
   Center                   Left Wing                Right Wing               Defense                  Defense                  
   Jonathan Toews           James van Riemsdyk       Evander Kane             Ryan Suter               Jared Cowen              

Last Minutes Defensive
   Center                   Left Wing                Right Wing               Defense                  Defense                  
   Jonathan Toews           James van Riemsdyk       Evander Kane             Ryan Suter               Jared Cowen              

Goaltenders
Starting : Roberto Luongo           
Backup : Jonas Gustavsson         

Extra Forwards
Normal : Vladimir Tarasenko, Jimmy Hayes, Kevin Porter - PP : Vladimir Tarasenko, Jimmy Hayes - PK : Kevin Porter
Extra Defensemen
Normal : Brian Strait, Jared Cowen, Alexei Emelin - PP : Brian Strait - PK : Jared Cowen, Alexei Emelin
Penalty Shots
Jonathan Toews, James van Riemsdyk, Vladimir Tarasenko, Evander Kane, Brad Boyes

Senators

5 vs 5 Forward 
   Center                   Left Wing                Right Wing               Time % Phy DF OF 
 1 Antoine Vermette         Jaden Schwartz           Jarome Iginla            25     0   3  2  
 2 Jussi Jokinen            David Perron             Derick Brassard          25     0   3  2  
 3 Sam Gagner               Carl Hagelin             Alex Tanguay             25     0   2  3  
 4 Mark Letestu             Andrew Cogliano          Matt Read                25     0   2  3  

5 vs 5 Defense 
   Defense                  Defense                                           Time % Phy DF OF 
 1 Jay Bouwmeester          Alex Goligoski                                    25     0   3  2  
 2 Trevor Daley             Daniel Girardi                                    25     0   3  2  
 3 Brenden Dillon           Josh Gorges                                       25     0   2  3  
 4 Jay Bouwmeester          Alex Goligoski                                    25     0   2  3  

PowerPlay Forward 
   Center                   Left Wing                Right Wing               Time % Phy DF OF 
 1 Jussi Jokinen            Jaden Schwartz           Jarome Iginla            50     0   1  4  
 2 Derick Brassard          David Perron             Matt Read                50     0   1  4  

PowerPlay Defense
   Defense                  Defense                                           Time % Phy DF OF 
 1 Alex Goligoski           Trevor Daley                                      50     0   1  4  
 2 Jay Bouwmeester          Daniel Girardi                                    50     0   1  4  

Penalty Kill 4 Players Forward 
   Center                   Wing                     Time % Phy DF OF 
 1 Antoine Vermette         Matt Read                50     0   5  0  
 2 Mark Letestu             Andrew Cogliano          50     0   5  0  

Penalty Kill 4 Players Defense
   Defense                  Defense                  Time % Phy DF OF 
 1 Trevor Daley             Josh Gorges              50     0   5  0  
 2 Daniel Girardi           Jay Bouwmeester          50     0   5  0  

Penalty Kill - 3 Players Forward 
   Forward                                           Time % Phy DF OF 
 1 Antoine Vermette                                  50     0   5  0  
 2 Matt Read                                         50     0   5  0  

Penalty Kill - 3 Players Defense
   Defense                  Defense                  Time % Phy DF OF 
 1 Trevor Daley             Josh Gorges              50     0   5  0  
 2 Jay Bouwmeester          Brenden Dillon           50     0   5  0  

4 vs 4 Forward 
   Center                   Wing                     Time % Phy DF OF 
 1 Antoine Vermette         Jaden Schwartz           50     0   2  3  
 2 Mark Letestu             Carl Hagelin             50     0   2  3  

4 vs 4 Defense
   Defense                  Defense                  Time % Phy DF OF 
 1 Jay Bouwmeester          Trevor Daley             50     0   2  3  
 2 Alex Goligoski           Daniel Girardi           50     0   2  3  

Last Minutes Offensive
   Center                   Left Wing                Right Wing               Defense                  Defense                  
   Jarome Iginla            Antoine Vermette         David Perron             Daniel Girardi           Brenden Dillon           

Last Minutes Defensive
   Center                   Left Wing                Right Wing               Defense                  Defense                  
   Jarome Iginla            Antoine Vermette         David Perron             Daniel Girardi           Brenden Dillon           

Goaltenders
Starting : Jonas Hiller             
Backup : Darcy Kuemper            

Extra Forwards
Normal : David Perron, Jarome Iginla, Jaden Schwartz - PP : David Perron, Jarome Iginla - PK : Carl Hagelin
Extra Defensemen
Normal : Daniel Girardi, Jay Bouwmeester, Trevor Daley - PP : Daniel Girardi - PK : Alex Goligoski, Jay Bouwmeester
Penalty Shots
David Perron, Antoine Vermette, Jarome Iginla, Jussi Jokinen, Mark Letestu

% Time on Ice - Panthers

Lines # - Real PCT - Wanted PCT - Time Play
Normal Forward
1 - 31% - 40% - 15:53
2 - 32% - 32% - 15:57
3 - 22% - 22% - 11:11
4 - 15% - 6% - 7:29
Normal Defense
1 - 34% - 40% - 17:04
2 - 33% - 30% - 16:51
3 - 29% - 20% - 14:45
4 - 4% - 10% - 1:50
PP Forward
1 - 54% - 60% - 4:04
2 - 46% - 40% - 3:27
PP Defense
1 - 61% - 60% - 4:33
2 - 39% - 40% - 2:58
PK Forward
1 - 82% - 62% - 1:12
2 - 18% - 38% - 0:16
PK Defense
1 - 40% - 60% - 0:35
2 - 60% - 40% - 0:53
PK3 Forward
1 - 0% - 60%
2 - 0% - 40%
PK3 Defense
1 - 0% - 60%
2 - 0% - 40%
44 Forward
1 - 0% - 60%
2 - 0% - 40%
44 Defense
1 - 0% - 60%
2 - 0% - 40%
Last Minute Offensive  - 0:00
Last Minute Defensive  - 0:31
Total
Forward - 60:00
Defense - 60:00

% Time on Ice - Senators

Lines # - Real PCT - Wanted PCT - Time Play
Normal Forward
1 - 27% - 25% - 13:43
2 - 25% - 25% - 12:31
3 - 25% - 25% - 12:52
4 - 23% - 25% - 11:24
Normal Defense
1 - 19% - 25% - 9:42
2 - 32% - 25% - 16:07
3 - 32% - 25% - 16:01
4 - 17% - 25% - 8:40
PP Forward
1 - 47% - 50% - 0:41
2 - 53% - 50% - 0:47
PP Defense
1 - 53% - 50% - 0:47
2 - 47% - 50% - 0:41
PK Forward
1 - 54% - 50% - 4:04
2 - 46% - 50% - 3:27
PK Defense
1 - 19% - 50% - 1:26
2 - 81% - 50% - 6:05
PK3 Forward
1 - 0% - 50%
2 - 0% - 50%
PK3 Defense
1 - 0% - 50%
2 - 0% - 50%
44 Forward
1 - 0% - 50%
2 - 0% - 50%
44 Defense
1 - 0% - 50%
2 - 0% - 50%
Last Minute Offensive  - 0:31
Last Minute Defensive  - 0:00
Total
Forward - 60:00
Defense - 60:00

Play by Play

1st period


0:01 of 1st period - Jonathan Toews wins face-off versus Antoine Vermette in neutral zone.
0:04 of 1st period - Shot by Jonathan Toews.
0:04 of 1st period - Goal by Jonathan Toews - Panthers : 1 - Senators : 0.
0:05 of 1st period - Paul Stastny wins face-off versus Jussi Jokinen in neutral zone.
0:16 of 1st period - Shot by Brad Boyes.
0:16 of 1st period - Shot Misses the Net.
0:18 of 1st period - Shot by Cory Sarich.
0:18 of 1st period - Shot Blocked by Daniel Girardi.
0:30 of 1st period - Shot by Brad Boyes.
0:30 of 1st period - Goal by Brad Boyes - Panthers : 2 - Senators : 0.
0:31 of 1st period - Jonathan Toews wins face-off versus Sam Gagner in neutral zone.
1:12 of 1st period - Shot by Jonathan Toews.
1:12 of 1st period - Shot Misses the Net.
1:40 of 1st period - Icing by Andrew Cogliano.
1:41 of 1st period - Matt Read wins face-off versus Paul Stastny in Senators zone.
2:03 of 1st period - Andrew Cogliano is hit by Alexei Emelin and loses puck.
2:32 of 1st period - Shot by Jaden Schwartz.
2:32 of 1st period - Stopped by Roberto Luongo without a rebound.
2:33 of 1st period - Jim Slater wins face-off versus Jussi Jokinen in Panthers zone.
2:35 of 1st period - Icing by Tomas Kopecky.
2:36 of 1st period - Jimmy Hayes wins face-off versus Antoine Vermette in Panthers zone.
2:38 of 1st period - Icing by Jim Slater.
2:39 of 1st period - Jim Slater wins face-off versus Antoine Vermette in Panthers zone.
3:22 of 1st period - Antoine Vermette is hit by Jason Garrison.
3:29 of 1st period - Icing by Jason Garrison.
3:30 of 1st period - Jim Slater wins face-off versus Jussi Jokinen in Panthers zone.
3:30 of 1st period - Jim Slater is hit by David Perron.
4:16 of 1st period - Icing by Trevor Daley.
4:17 of 1st period - Jussi Jokinen wins face-off versus Brett Sutter in Senators zone.
4:17 of 1st period - Jussi Jokinen is hit by Brett Sutter.
4:47 of 1st period - Icing by David Perron.
4:48 of 1st period - Brad Boyes wins face-off versus Jussi Jokinen in Senators zone.
5:05 of 1st period - Jared Cowen is hit by David Perron and loses puck.
5:35 of 1st period - Icing by Ryan Suter.
5:36 of 1st period - Paul Stastny wins face-off versus Sam Gagner in Panthers zone.
5:55 of 1st period - Shot by Sam Gagner.
5:55 of 1st period - Shot Blocked by Ryan Suter.
5:57 of 1st period - Shot by Carl Hagelin.
5:57 of 1st period - Stopped by Roberto Luongo with a rebound.
6:07 of 1st period - Icing by Paul Stastny.
6:08 of 1st period - Mark Letestu wins face-off versus Paul Stastny in Panthers zone.
6:08 of 1st period - Mark Letestu is hit by Jared Cowen.
6:24 of 1st period - Brad Boyes is hit by Matt Read and loses puck.
7:54 of 1st period - Antoine Vermette is hit by Jimmy Hayes and loses puck.
8:19 of 1st period - Brett Sutter is hit by Sam Gagner and loses puck.
8:26 of 1st period - Shot by Alex Tanguay.
8:26 of 1st period - Stopped by Roberto Luongo without a rebound.
8:27 of 1st period - Jonathan Toews wins face-off versus Mark Letestu in Panthers zone.
9:34 of 1st period - Shot by Alex Tanguay.
9:34 of 1st period - Stopped by Roberto Luongo without a rebound.
9:35 of 1st period - Jim Slater wins face-off versus Jussi Jokinen in Panthers zone.
9:44 of 1st period - Shot by Jussi Jokinen.
9:44 of 1st period - Shot Misses the Net.
11:29 of 1st period - Minor Penalty to Mark Letestu for Holding.
11:30 of 1st period - Antoine Vermette wins face-off versus James van Riemsdyk in Senators zone.
11:53 of 1st period - Shot by Jonathan Toews.
11:53 of 1st period - Shot Misses the Net.
11:55 of 1st period - Shot by Jonathan Toews.
11:55 of 1st period - Shot Misses the Net.
11:57 of 1st period - Shot by James van Riemsdyk.
11:57 of 1st period - Goal by James van Riemsdyk - Panthers : 3 - Senators : 0.
11:58 of 1st period - Brett Sutter wins face-off versus Antoine Vermette in neutral zone.
12:37 of 1st period - Shot by Jarome Iginla.
12:37 of 1st period - Stopped by Roberto Luongo with a rebound.
13:08 of 1st period - Icing by Ryan Suter.
13:09 of 1st period - Mark Letestu wins face-off versus Evander Kane in Panthers zone.
13:14 of 1st period - Shot by Matt Read.
13:14 of 1st period - Shot Blocked by Jared Cowen.
13:24 of 1st period - Shot by Evander Kane.
13:24 of 1st period - Goal by Evander Kane - Panthers : 4 - Senators : 0.
13:24 of 1st period - Darcy Kuemper enters game.
13:25 of 1st period - Jonathan Toews wins face-off versus Sam Gagner in neutral zone.
14:06 of 1st period - Shot by Carl Hagelin.
14:06 of 1st period - Stopped by Roberto Luongo without a rebound.
14:07 of 1st period - Paul Stastny wins face-off versus Mark Letestu in Panthers zone.
14:07 of 1st period - Paul Stastny is hit by Andrew Cogliano.
14:31 of 1st period - Shot by Andrew Cogliano.
14:31 of 1st period - Deflect By Mark Letestu.
14:31 of 1st period - Shot Misses the Net.
14:33 of 1st period - Shot by Josh Gorges.
14:33 of 1st period - Goal by Josh Gorges - Panthers : 4 - Senators : 1.
14:34 of 1st period - Jussi Jokinen wins face-off versus Jim Slater in neutral zone.
14:48 of 1st period - Minor Penalty to David Perron for Hooking.
14:49 of 1st period - Jonathan Toews wins face-off versus Antoine Vermette in Senators zone.
15:33 of 1st period - Icing by Kevin Porter.
15:34 of 1st period - Antoine Vermette wins face-off versus Kevin Porter in Panthers zone.
15:51 of 1st period - Shot by Brad Boyes.
15:51 of 1st period - Shot Misses the Net.
15:53 of 1st period - Shot by Brad Boyes.
15:53 of 1st period - Goal by Brad Boyes - Panthers : 5 - Senators : 1.
15:54 of 1st period - Jim Slater wins face-off versus Jussi Jokinen in neutral zone.
16:06 of 1st period - Icing by Josh Gorges.
16:07 of 1st period - Jussi Jokinen wins face-off versus Paul Stastny in Senators zone.
17:09 of 1st period - Shot by James van Riemsdyk.
17:09 of 1st period - Stopped by Darcy Kuemper without a rebound.
17:10 of 1st period - Jim Slater wins face-off versus Mark Letestu in Senators zone.
18:08 of 1st period - Shot by Jonathan Toews.
18:08 of 1st period - Shot Misses the Net.
18:18 of 1st period - Shot by Jonathan Toews.
18:18 of 1st period - Deflect By Vladimir Tarasenko.
18:18 of 1st period - Stopped by Darcy Kuemper without a rebound.
18:19 of 1st period - Paul Stastny wins face-off versus Sam Gagner in Senators zone.
18:54 of 1st period - Shot by Paul Stastny.
18:54 of 1st period - Shot Blocked by Daniel Girardi.
19:11 of 1st period - Alex Tanguay is hit by Evander Kane.
19:46 of 1st period - Jay Bouwmeester is hit by Jonathan Toews and loses puck.
Goals for this period are 5 for Panthers vs 1 for Senators.
Shots for this period are 7 for Panthers vs 7 for Senators.

2nd period


0:01 of 2nd period - Mark Letestu wins face-off versus Vladimir Tarasenko in neutral zone.
0:10 of 2nd period - Shot by Mark Letestu.
0:10 of 2nd period - Deflect By Matt Read.
0:10 of 2nd period - Shot Blocked by Ryan Suter.
0:20 of 2nd period - Shot by Matt Read.
0:20 of 2nd period - Stopped by Roberto Luongo without a rebound.
0:21 of 2nd period - Jim Slater wins face-off versus Antoine Vermette in Panthers zone.
0:56 of 2nd period - Shot by Antoine Vermette.
0:56 of 2nd period - Stopped by Roberto Luongo without a rebound.
0:57 of 2nd period - Mark Letestu wins face-off versus Jonathan Toews in Panthers zone.
1:38 of 2nd period - Shot by James van Riemsdyk.
1:38 of 2nd period - Goal by James van Riemsdyk - Panthers : 6 - Senators : 1.
1:39 of 2nd period - Paul Stastny wins face-off versus Jussi Jokinen in neutral zone.
1:52 of 2nd period - Shot by Derick Brassard.
1:52 of 2nd period - Stopped by Roberto Luongo with a rebound.
1:54 of 2nd period - Shot by Derick Brassard.
1:54 of 2nd period - Goal by Derick Brassard - Panthers : 6 - Senators : 2.
1:55 of 2nd period - Jim Slater wins face-off versus Jaden Schwartz in neutral zone.
1:55 of 2nd period - Jim Slater is hit by Jaden Schwartz.
2:01 of 2nd period - Shot by Jimmy Hayes.
2:01 of 2nd period - Stopped by Darcy Kuemper without a rebound.
2:02 of 2nd period - Paul Stastny wins face-off versus David Perron in Senators zone.
2:13 of 2nd period - Shot by Derick Brassard.
2:13 of 2nd period - Shot Blocked by Brad Boyes.
2:21 of 2nd period - Shot by Derick Brassard.
2:21 of 2nd period - Shot Misses the Net.
2:55 of 2nd period - Shot by Jaden Schwartz.
2:55 of 2nd period - Shot Blocked by Cory Sarich.
2:59 of 2nd period - Shot by Antoine Vermette.
2:59 of 2nd period - Stopped by Roberto Luongo without a rebound.
3:00 of 2nd period - Sam Gagner wins face-off versus Jonathan Toews in Panthers zone.
3:25 of 2nd period - Shot by Sam Gagner.
3:25 of 2nd period - Goal by Sam Gagner - Panthers : 6 - Senators : 3.
3:26 of 2nd period - Jim Slater wins face-off versus Jaden Schwartz in neutral zone.
3:43 of 2nd period - Shot by Jarome Iginla.
3:43 of 2nd period - Shot Misses the Net.
3:52 of 2nd period - Jimmy Hayes is hit by Brenden Dillon and loses puck.
4:08 of 2nd period - Tomas Kopecky is hit by Antoine Vermette and loses puck.
5:08 of 2nd period - Shot by Vladimir Tarasenko.
5:08 of 2nd period - Shot Misses the Net.
5:10 of 2nd period - Shot by Vladimir Tarasenko.
5:10 of 2nd period - Shot Misses the Net.
5:30 of 2nd period - Alexei Emelin is hit by Alex Tanguay.
6:40 of 2nd period - Icing by Ryan Suter.
6:41 of 2nd period - Antoine Vermette wins face-off versus Brett Sutter in Panthers zone.
6:54 of 2nd period - Shot by Jarome Iginla.
6:54 of 2nd period - Stopped by Roberto Luongo without a rebound.
6:55 of 2nd period - Jonathan Toews wins face-off versus Jussi Jokinen in Panthers zone.
7:04 of 2nd period - Shot by James van Riemsdyk.
7:04 of 2nd period - Shot Misses the Net.
7:51 of 2nd period - Shot by Matt Read.
7:51 of 2nd period - Shot Misses the Net.
7:53 of 2nd period - Shot by Andrew Cogliano.
7:53 of 2nd period - Shot Misses the Net.
8:03 of 2nd period - Shot by Matt Read.
8:03 of 2nd period - Stopped by Roberto Luongo without a rebound.
8:04 of 2nd period - Paul Stastny wins face-off versus Antoine Vermette in Panthers zone.
8:19 of 2nd period - Shot by Brad Boyes.
8:19 of 2nd period - Stopped by Darcy Kuemper without a rebound.
8:20 of 2nd period - Jim Slater wins face-off versus Matt Read in Senators zone.
8:41 of 2nd period - Shot by Mark Letestu.
8:41 of 2nd period - Stopped by Roberto Luongo without a rebound.
8:42 of 2nd period - Paul Stastny wins face-off versus Antoine Vermette in Panthers zone.
8:56 of 2nd period - Jarome Iginla is hit by Alexei Emelin and loses puck.
9:01 of 2nd period - Shot by Antoine Vermette.
9:01 of 2nd period - Shot Hit the Post.
9:09 of 2nd period - Shot by Jarome Iginla.
9:09 of 2nd period - Shot Blocked by Cory Sarich.
9:11 of 2nd period - Shot by Antoine Vermette.
9:11 of 2nd period - Shot Misses the Net.
9:32 of 2nd period - Icing by Cory Sarich.
9:33 of 2nd period - Jussi Jokinen wins face-off versus Brad Boyes in Panthers zone.
9:34 of 2nd period - Shot by David Perron.
9:34 of 2nd period - Goal by David Perron - Panthers : 6 - Senators : 4.
9:35 of 2nd period - David Perron wins face-off versus Jonathan Toews in neutral zone.
9:53 of 2nd period - Jussi Jokinen is hit by Jonathan Toews and loses puck.
10:05 of 2nd period - Minor Penalty to James van Riemsdyk for Hooking.
10:06 of 2nd period - Jarome Iginla wins face-off versus Jim Slater in Panthers zone.
11:04 of 2nd period - Shot by Matt Read.
11:04 of 2nd period - Shot Misses the Net.
11:06 of 2nd period - Shot by Alex Goligoski.
11:06 of 2nd period - Goal by Alex Goligoski - Panthers : 6 - Senators : 5.
11:07 of 2nd period - Jonathan Toews wins face-off versus Sam Gagner in neutral zone.
11:55 of 2nd period - Sam Gagner is hit by Alexei Emelin and loses puck.
12:15 of 2nd period - Shot by Evander Kane.
12:15 of 2nd period - Shot Blocked by Josh Gorges.
12:17 of 2nd period - Shot by Cory Sarich.
12:17 of 2nd period - Stopped by Darcy Kuemper with a rebound.
13:03 of 2nd period - Minor Penalty to Alex Goligoski for Holding.
13:04 of 2nd period - Antoine Vermette wins face-off versus Jonathan Toews in Senators zone.
13:21 of 2nd period - Shot by Jonathan Toews.
13:21 of 2nd period - Shot Misses the Net.
13:23 of 2nd period - Shot by Ryan Suter.
13:23 of 2nd period - Stopped by Darcy Kuemper with a rebound.
13:25 of 2nd period - Shot by Jonathan Toews.
13:25 of 2nd period - Deflect By James van Riemsdyk.
13:25 of 2nd period - Stopped by Darcy Kuemper without a rebound.
13:26 of 2nd period - Mark Letestu wins face-off versus Kevin Porter in Senators zone.
13:37 of 2nd period - Shot by Kevin Porter.
13:37 of 2nd period - Stopped by Darcy Kuemper without a rebound.
13:38 of 2nd period - Mark Letestu wins face-off versus James van Riemsdyk in Senators zone.
13:58 of 2nd period - Andrew Cogliano is hit by Jonathan Toews and loses puck.
15:06 of 2nd period - Shot by David Perron.
15:06 of 2nd period - Shot Misses the Net.
15:30 of 2nd period - Shot by Jimmy Hayes.
15:30 of 2nd period - Shot Misses the Net.
15:46 of 2nd period - Shot by Kevin Porter.
15:46 of 2nd period - Shot Misses the Net.
15:48 of 2nd period - Shot by Cory Sarich.
15:48 of 2nd period - Shot Misses the Net.
17:13 of 2nd period - Icing by Cory Sarich.
17:14 of 2nd period - Brett Sutter wins face-off versus Sam Gagner in Panthers zone.
17:22 of 2nd period - Off-side.
17:23 of 2nd period - Mark Letestu wins face-off versus Jonathan Toews in neutral zone.
17:28 of 2nd period - Jared Cowen is hit by Matt Read and loses puck.
17:43 of 2nd period - Shot by Mark Letestu.
17:43 of 2nd period - Stopped by Roberto Luongo without a rebound.
17:44 of 2nd period - Antoine Vermette wins face-off versus Paul Stastny in Panthers zone.
17:53 of 2nd period - Shot by Jarome Iginla.
17:53 of 2nd period - Shot Blocked by Brian Strait.
17:55 of 2nd period - Shot by Brenden Dillon.
17:55 of 2nd period - Shot Misses the Net.
19:43 of 2nd period - Shot by Derick Brassard.
19:43 of 2nd period - Shot Misses the Net.
19:47 of 2nd period - Shot by Jussi Jokinen.
19:47 of 2nd period - Stopped by Roberto Luongo without a rebound.
19:48 of 2nd period - Sam Gagner wins face-off versus Tomas Kopecky in Panthers zone.
19:54 of 2nd period - Sam Gagner is hit by Jared Cowen and loses puck.
Goals for this period are 1 for Panthers vs 4 for Senators.
Shots for this period are 7 for Panthers vs 13 for Senators.

3rd period


0:01 of 3rd period - Jonathan Toews wins face-off versus Mark Letestu in neutral zone.
0:07 of 3rd period - Icing by Jay Bouwmeester.
0:08 of 3rd period - Mark Letestu wins face-off versus Jonathan Toews in Senators zone.
0:08 of 3rd period - Mark Letestu is hit by James van Riemsdyk.
0:59 of 3rd period - Off-side.
1:00 of 3rd period - Sam Gagner wins face-off versus Jim Slater in neutral zone.
1:27 of 3rd period - Icing by Jimmy Hayes.
1:28 of 3rd period - Jim Slater wins face-off versus Antoine Vermette in Panthers zone.
1:28 of 3rd period - Alexei Emelin is hit by Jarome Iginla and loses puck.
2:27 of 3rd period - Shot by Brad Boyes.
2:27 of 3rd period - Shot Misses the Net.
3:11 of 3rd period - Jared Cowen is hit by Sam Gagner and loses puck.
3:31 of 3rd period - Icing by James van Riemsdyk.
3:32 of 3rd period - Jonathan Toews wins face-off versus Mark Letestu in Panthers zone.
3:32 of 3rd period - Jonathan Toews is hit by Andrew Cogliano.
3:51 of 3rd period - Icing by Josh Gorges.
3:52 of 3rd period - Mark Letestu wins face-off versus Brett Sutter in Senators zone.
3:52 of 3rd period - Mark Letestu is hit by Brett Sutter.
4:20 of 3rd period - Josh Gorges is hit by Brett Sutter and loses puck.
4:35 of 3rd period - Shot by Evander Kane.
4:35 of 3rd period - Shot Misses the Net.
4:37 of 3rd period - Shot by Cory Sarich.
4:37 of 3rd period - Shot Misses the Net.
4:57 of 3rd period - Cory Sarich is hit by Carl Hagelin and loses puck.
5:10 of 3rd period - Icing by Sam Gagner.
5:11 of 3rd period - Sam Gagner wins face-off versus Jim Slater in Senators zone.
5:11 of 3rd period - Sam Gagner is hit by Jim Slater.
5:24 of 3rd period - Jay Bouwmeester is hit by Jimmy Hayes and loses puck.
5:43 of 3rd period - Shot by Jared Cowen.
5:43 of 3rd period - Shot Misses the Net.
5:45 of 3rd period - Shot by Jared Cowen.
5:45 of 3rd period - Shot Blocked by Jay Bouwmeester.
6:07 of 3rd period - Off-side.
6:08 of 3rd period - Antoine Vermette wins face-off versus Paul Stastny in neutral zone.
6:11 of 3rd period - Shot by Jaden Schwartz.
6:11 of 3rd period - Stopped by Roberto Luongo with a rebound.
7:42 of 3rd period - Shot by James van Riemsdyk.
7:42 of 3rd period - Stopped by Darcy Kuemper with a rebound.
7:44 of 3rd period - Shot by Jared Cowen.
7:44 of 3rd period - Stopped by Darcy Kuemper without a rebound.
7:45 of 3rd period - Mark Letestu wins face-off versus Jimmy Hayes in Senators zone.
8:05 of 3rd period - Off-side.
8:06 of 3rd period - Brett Sutter wins face-off versus Sam Gagner in neutral zone.
8:18 of 3rd period - Trevor Daley is hit by Ryan Suter and loses puck.
8:25 of 3rd period - Shot by Carl Hagelin.
8:25 of 3rd period - Shot Blocked by Jared Cowen.
8:27 of 3rd period - Shot by Carl Hagelin.
8:27 of 3rd period - Shot Misses the Net.
8:29 of 3rd period - Shot by Carl Hagelin.
8:29 of 3rd period - Shot Misses the Net.
8:31 of 3rd period - Shot by Carl Hagelin.
8:31 of 3rd period - Shot Blocked by Ryan Suter.
8:35 of 3rd period - Shot by Alex Tanguay.
8:35 of 3rd period - Shot Misses the Net.
8:39 of 3rd period - Shot by Carl Hagelin.
8:39 of 3rd period - Shot Misses the Net.
8:41 of 3rd period - Shot by Sam Gagner.
8:41 of 3rd period - Stopped by Roberto Luongo without a rebound.
8:42 of 3rd period - Jussi Jokinen wins face-off versus James van Riemsdyk in Panthers zone.
9:30 of 3rd period - Derick Brassard is hit by Cory Sarich and loses puck.
9:36 of 3rd period - Off-side.
9:37 of 3rd period - Jim Slater wins face-off versus Antoine Vermette in neutral zone.
9:39 of 3rd period - Off-side.
9:40 of 3rd period - Paul Stastny wins face-off versus Antoine Vermette in neutral zone.
9:47 of 3rd period - Shot by Paul Stastny.
9:47 of 3rd period - Stopped by Darcy Kuemper without a rebound.
9:48 of 3rd period - Antoine Vermette wins face-off versus Jim Slater in Senators zone.
10:03 of 3rd period - Shot by Jarome Iginla.
10:03 of 3rd period - Shot Misses the Net.
11:14 of 3rd period - Shot by James van Riemsdyk.
11:14 of 3rd period - Shot Hit the Post.
11:31 of 3rd period - Antoine Vermette is hit by Jason Garrison and loses puck.
12:21 of 3rd period - Shot by Kevin Porter.
12:21 of 3rd period - Stopped by Darcy Kuemper without a rebound.
12:22 of 3rd period - Sam Gagner wins face-off versus James van Riemsdyk in Senators zone.
12:30 of 3rd period - Double Minor Penalty to Jay Bouwmeester for High sticking.
12:31 of 3rd period - Jonathan Toews wins face-off versus Mark Letestu in Senators zone.
12:32 of 3rd period - Shot by Ryan Suter.
12:32 of 3rd period - Shot Blocked by Josh Gorges.
12:34 of 3rd period - Shot by James van Riemsdyk.
12:34 of 3rd period - Stopped by Darcy Kuemper without a rebound.
12:35 of 3rd period - Mark Letestu wins face-off versus Kevin Porter in Senators zone.
13:47 of 3rd period - Shot by Jonathan Toews.
13:47 of 3rd period - Shot Misses the Net.
14:19 of 3rd period - Shot by Ryan Suter.
14:19 of 3rd period - Stopped by Darcy Kuemper without a rebound.
14:20 of 3rd period - Carl Hagelin wins face-off versus Jonathan Toews in Senators zone.
14:33 of 3rd period - Shot by Jonathan Toews.
14:33 of 3rd period - Shot Blocked by Brenden Dillon.
14:35 of 3rd period - Shot by Alexei Emelin.
14:35 of 3rd period - Shot Misses the Net.
14:37 of 3rd period - Shot by James van Riemsdyk.
14:37 of 3rd period - Stopped by Darcy Kuemper without a rebound.
14:38 of 3rd period - Antoine Vermette wins face-off versus Kevin Porter in Senators zone.
16:13 of 3rd period - Shot by Brian Strait.
16:13 of 3rd period - Shot Misses the Net.
17:46 of 3rd period - Shot by Jarome Iginla.
17:46 of 3rd period - Stopped by Roberto Luongo with a rebound.
17:48 of 3rd period - Shot by Daniel Girardi.
17:48 of 3rd period - Stopped by Roberto Luongo without a rebound.
17:49 of 3rd period - Sam Gagner wins face-off versus Jonathan Toews in Panthers zone.
18:14 of 3rd period - Shot by Carl Hagelin.
18:14 of 3rd period - Shot Misses the Net.
19:01 of 3rd period - Off-side.
19:02 of 3rd period - Evander Kane wins face-off versus Jarome Iginla in neutral zone.
19:17 of 3rd period - Senators, Darcy Kuemper is pulled from the net.
19:23 of 3rd period - Shot by Antoine Vermette.
19:23 of 3rd period - Stopped by Roberto Luongo without a rebound.
19:24 of 3rd period - Antoine Vermette wins face-off versus Jonathan Toews in Panthers zone.
19:32 of 3rd period - Minor Penalty to Alexei Emelin for Goalie Interference.
19:33 of 3rd period - Derick Brassard wins face-off versus Jim Slater in Panthers zone.
19:39 of 3rd period - Shot by Derick Brassard.
19:39 of 3rd period - Stopped by Roberto Luongo with a rebound.
Goals for this period are 0 for Panthers vs 0 for Senators.
Shots for this period are 7 for Panthers vs 6 for Senators.


Output by the SimonT Hockey Simulator (STHS) for Mathias Vaigur -- Original Page W3C XHTML 1.0 Valid
Hockey Simulator - Hockey Simulation - Hockey Manager